MID
BURLINGTON BEES @ LANSING LUGNUTS
08/30/2047
 
TOP OF THE 1ST
Burlington Bees batting - Pitching for Lansing Lugnuts : RHP Josh Weinmann
Pitching: RHP Josh Weinmann
Batting: RHB Khalil Thurston 0-0: Called Strike
0-1: Ball
1-1: Fly out, F9 (Flyball, 9, EV 89.4 MPH)
Batting: RHB Danny Bjarnson 0-0: Ball
1-0: Ball
2-0: Called Strike
2-1: Fly out, F8 (Flyball, 8RM, EV 90.6 MPH)
Batting: LHB Mark Reeg 0-0: Called Strike
0-1: Called Strike
0-2: Ball
1-2: Strikes out swinging
Top of the 1st over - 0 runs, 0 hits, 0 errors, 0 left on base; Burlington 0 - Lansing 0
BOTTOM OF THE 1ST
Lansing Lugnuts batting - Pitching for Burlington Bees : RHP Chris Russell
Pitching: RHP Chris Russell
Batting: RHB Tokuji Kawabata 0-0: Called Strike
0-1: Ball
1-1: Ball
2-1: Ball
3-1: Ground out 6-3 (Groundball, 56D, EV 99.4 MPH)
Batting: RHB Dylan Phillips 0-0: Ball
1-0: Ball
2-0: Called Strike
2-1: Called Strike
2-2: Ball
3-2: Foul Ball, location: 2F
3-2: Strikes out swinging
Batting: RHB Raul de la Cruz 0-0: Ground out 5-3 (Groundball, 56, EV 86.2 MPH)
Bottom of the 1st over - 0 runs, 0 hits, 0 errors, 0 left on base; Burlington 0 - Lansing 0
TOP OF THE 2ND
Burlington Bees batting - Pitching for Lansing Lugnuts : RHP Josh Weinmann
Batting: RHB Tomas Raya 0-0: Called Strike
0-1: Foul Ball, location: 2F
0-2: Ball
1-2: Foul Ball, location: 2F
1-2: Ball
2-2: Foul Ball, location: 2F
2-2: Ground out 5-3 (Groundball, 5L, EV 97.5 MPH)
Batting: RHB Kinya Nishimura 0-0: Ball
1-0: Fly out, F9 (Line Drive, 9S, EV 92.5 MPH)
Batting: RHB Josh Faulconer 0-0: Swinging Strike
0-1: Ball
1-1: Foul Ball, location: 2F
1-2: Ball
2-2: Ball
3-2: Foul Ball, location: 2F
3-2: Strikes out looking
Top of the 2nd over - 0 runs, 0 hits, 0 errors, 0 left on base; Burlington 0 - Lansing 0
BOTTOM OF THE 2ND
Lansing Lugnuts batting - Pitching for Burlington Bees : RHP Chris Russell
Batting: RHB John Michener 0-0: Ball
1-0: Called Strike
1-1: Ball
2-1: Fly out, F8 (Flyball, 8LXD, EV 101.2 MPH)
Batting: RHB Carlos Renteria 0-0: Called Strike
0-1: DOUBLE (Line Drive, 89D, EV 105.6 MPH)
Batting: LHB Pauli Gassinger 0-0: Called Strike
0-1: Ball
1-1: Foul Ball, location: 2F
1-2: Ball
2-2: Fly out, F7 (Flyball, 7LM, EV 78.8 MPH)
Batting: LHB Timo Gomez 0-0: Called Strike
0-1: Ball
1-1: Ball
2-1: Called Strike
2-2: Ground out 6-3 (Groundball, 6M, EV 87.5 MPH)
Bottom of the 2nd over - 0 runs, 1 hit, 0 errors, 1 left on base; Burlington 0 - Lansing 0
TOP OF THE 3RD
Burlington Bees batting - Pitching for Lansing Lugnuts : RHP Josh Weinmann
Batting: RHB Timoleon Tsikouna 0-0: Ball
1-0: Ball
2-0: Called Strike
2-1: Foul Ball, location: 2F
2-2: Ball
3-2: Ground out 6-3 (Groundball, 6, EV 85.6 MPH)
Batting: LHB Barrfhionn O'Toole 0-0: Fly out, F7 (Flyball, 7D, EV 96.2 MPH)
Batting: SHB Tim Connell 0-0: Ball
1-0: Ball
2-0: Ball
3-0: Called Strike
3-1: Ground out U3 (Groundball, 3, EV 88.8 MPH)
Top of the 3rd over - 0 runs, 0 hits, 0 errors, 0 left on base; Burlington 0 - Lansing 0
BOTTOM OF THE 3RD
Lansing Lugnuts batting - Pitching for Burlington Bees : RHP Chris Russell
Batting: RHB Bobby Lasaguna 0-0: Foul Ball, location: 2F
0-1: Ball
1-1: Fly out, F8 (Flyball, 78D, EV 80.6 MPH)
Batting: LHB Roger Escareno 0-0: Foul Ball, location: 2F
0-1: Ball
1-1: Foul Ball, location: 2F
1-2: Ground out 1-3 (Groundball, 34S, EV 61.9 MPH)
Batting: RHB Tokuji Kawabata 0-0: Fly out, F8 (Flyball, 89S, EV 84.4 MPH)
Bottom of the 3rd over - 0 runs, 0 hits, 0 errors, 0 left on base; Burlington 0 - Lansing 0
TOP OF THE 4TH
Burlington Bees batting - Pitching for Lansing Lugnuts : RHP Josh Weinmann
Batting: RHB Khalil Thurston 0-0: Called Strike
0-1: Called Strike
0-2: Ball
1-2: Ball
2-2: Ball
3-2: Ground out 6-3 (Groundball, 6, EV 103.8 MPH)
Batting: RHB Danny Bjarnson 0-0: Called Strike
0-1: Ball
1-1: Called Strike
1-2: Ball
2-2: Foul Ball, location: 2F
2-2: Strikes out swinging
Batting: LHB Mark Reeg 0-0: Ball
1-0: Called Strike
1-1: Foul Ball, location: 2F
1-2: Ball
2-2: DOUBLE (Groundball, 3L, EV 105.0 MPH)
Batting: RHB Tomas Raya 0-0: Ball
1-0: Fly out, F9 (Flyball, 9, EV 86.2 MPH)
Top of the 4th over - 0 runs, 1 hit, 0 errors, 1 left on base; Burlington 0 - Lansing 0
BOTTOM OF THE 4TH
Lansing Lugnuts batting - Pitching for Burlington Bees : RHP Chris Russell
Batting: RHB Dylan Phillips 0-0: Foul Ball, location: 2F
0-1: Ball
1-1: Swinging Strike
1-2: Strikes out swinging
Batting: RHB Raul de la Cruz 0-0: Ball
1-0: Ball
2-0: Ball
3-0: Base on Balls
Batting: RHB John Michener 0-0: Called Strike
Raul de la Cruz steals 2nd base (no throw)
0-1: Called Strike
0-2: Ball
1-2: Foul Ball, location: 2F
1-2: Ball
2-2: Ball
3-2: Base on Balls
Batting: RHB Carlos Renteria 0-0: Fly out, F9 (Flyball, 9, EV 80.0 MPH)
Batting: LHB Pauli Gassinger 0-0: SINGLE (Flyball, 7LS, EV 97.5 MPH)
Raul de la Cruz to third
John Michener to second
Batting: LHB Timo Gomez 0-0: Ball
1-0: Ball
2-0: Ball
3-0: Called Strike
3-1: Base on Balls
Raul de la Cruz scores
John Michener to third
Pauli Gassinger to second
Batting: RHB Bobby Lasaguna 0-0: Ball
1-0: Swinging Strike
1-1: Foul Ball, location: 2F
1-2: Ball
2-2: Ball
3-2: Foul Ball, location: 2F
3-2: Ground out 4-3 (Groundball, 4, EV 99.4 MPH)
Bottom of the 4th over - 1 run, 1 hit, 0 errors, 3 left on base; Burlington 0 - Lansing 1
TOP OF THE 5TH
Burlington Bees batting - Pitching for Lansing Lugnuts : RHP Josh Weinmann
Batting: RHB Kinya Nishimura 0-0: Swinging Strike
0-1: Ball
1-1: Foul Ball, location: 2F
1-2: Ground out 5-3 (Groundball, 5, EV 102.5 MPH)
Batting: RHB Josh Faulconer 0-0: Ball
1-0: Swinging Strike
1-1: Swinging Strike
1-2: Strikes out swinging
Batting: RHB Timoleon Tsikouna 0-0: Fly out, F1 (Popup, P, EV 86.9 MPH)
Top of the 5th over - 0 runs, 0 hits, 0 errors, 0 left on base; Burlington 0 - Lansing 1
BOTTOM OF THE 5TH
Lansing Lugnuts batting - Pitching for Burlington Bees : RHP Chris Russell
Batting: LHB Roger Escareno 0-0: Ball
1-0: Foul Ball, location: 2F
1-1: Foul Ball, location: 2F
1-2: DOUBLE (Groundball, 3L, EV 101.9 MPH)
Batting: RHB Tokuji Kawabata 0-0: Called Strike
0-1: Swinging Strike
0-2: Ground out U3 (Groundball, 3S, EV 91.2 MPH)
Roger Escareno to third
Batting: RHB Dylan Phillips 0-0: Foul Ball, location: 2F
0-1: TRIPLE (Flyball, 89XD, EV 92.5 MPH)
Roger Escareno scores
Batting: RHB Raul de la Cruz 0-0: Foul Ball, location: 2F
0-1: Ball
1-1: Ground out 5-3 (Groundball, 5S, EV 73.1 MPH)
Batting: RHB John Michener 0-0: Called Strike
0-1: Fly out, F7 (Flyball, 78S, EV 82.5 MPH)
Bottom of the 5th over - 1 run, 2 hits, 0 errors, 1 left on base; Burlington 0 - Lansing 2
TOP OF THE 6TH
Burlington Bees batting - Pitching for Lansing Lugnuts : RHP Josh Weinmann
Batting: LHB Barrfhionn O'Toole 0-0: Foul Ball, location: 2F
0-1: Ball
1-1: Foul Ball, location: 2F
1-2: Ball
2-2: Ball
3-2: Base on Balls
Batting: SHB Tim Connell 0-0: Called Strike
0-1: Ball
1-1: Ball
2-1: Ball
3-1: Called Strike
3-2: 2-RUN HOME RUN (Flyball, 7LD, EV 96.2 MPH), Distance : 337 ft
Batting: RHB Khalil Thurston 0-0: Called Strike
0-1: Swinging Strike
0-2: Ball
1-2: Foul Ball, location: 2F
1-2: Ball
2-2: Foul Ball, location: 2F
2-2: Foul Ball, location: 2F
2-2: Ball
3-2: Strikes out looking
Batting: RHB Danny Bjarnson 0-0: SINGLE (Groundball, 34D, EV 100.0 MPH)
Batting: LHB Mark Reeg 0-0: Foul Ball, location: 2F
0-1: Ball
1-1: Ball
2-1: Foul Ball, location: 2F
2-2: Reached on error, E3 (Groundball, 3L, EV 110.0 MPH)
Danny Bjarnson to second
Batting: RHB Tomas Raya 0-0: Fielders Choice at 2nd, 3-6 (Groundball, 23, EV 83.1 MPH)
Danny Bjarnson to third
Batting: RHB Kinya Nishimura 0-0: Ball
1-0: Called Strike
1-1: Ball
2-1: Foul Ball, location: 2F
2-2: Foul Ball, location: 2F
2-2: Fly out, F4 (Popup, 34D, EV 50.0 MPH)
Top of the 6th over - 2 runs, 2 hits, 1 error, 2 left on base; Burlington 2 - Lansing 2
BOTTOM OF THE 6TH
Lansing Lugnuts batting - Pitching for Burlington Bees : RHP Chris Russell
Batting: RHB Carlos Renteria 0-0: Ground out 6-3 (Groundball, 6, EV 102.5 MPH)
Batting: LHB Pauli Gassinger 0-0: Foul Ball, location: 2F
0-1: Called Strike
0-2: Foul Ball, location: 2F
0-2: Ball
1-2: Foul Ball, location: 2F
1-2: Fly out, F8 (Flyball, 8LM, EV 86.2 MPH)
Batting: LHB Timo Gomez 0-0: SINGLE (Line Drive, 6MD, EV 95.0 MPH)
Pitching: RHP Humberto Paniagua
Batting: RHB Bobby Lasaguna 0-0: Ball
Timo Gomez is caught stealing 2nd base 2-4
Bottom of the 6th over - 0 runs, 1 hit, 0 errors, 0 left on base; Burlington 2 - Lansing 2
TOP OF THE 7TH
Burlington Bees batting - Pitching for Lansing Lugnuts : RHP Josh Weinmann
Batting: RHB Josh Faulconer 0-0: Called Strike
0-1: Foul Ball, location: 2F
0-2: Strikes out swinging
Batting: RHB Timoleon Tsikouna 0-0: Called Strike
0-1: Ball
1-1: Swinging Strike
1-2: Ball
2-2: Foul Ball, location: 2F
2-2: Foul Ball, location: 2F
2-2: Ball
3-2: Strikes out swinging
Pitching: RHP Matt Still
Batting: LHB Barrfhionn O'Toole 0-0: Foul Ball, location: 2F
0-1: Foul Ball, location: 2F
0-2: Ball
1-2: Foul Ball, location: 2F
1-2: Strikes out swinging
Top of the 7th over - 0 runs, 0 hits, 0 errors, 0 left on base; Burlington 2 - Lansing 2
BOTTOM OF THE 7TH
Lansing Lugnuts batting - Pitching for Burlington Bees : RHP Humberto Paniagua
Batting: RHB Bobby Lasaguna 0-0: Foul Ball, location: 2F
0-1: Ball
1-1: Foul Ball, location: 2F
1-2: Ball
2-2: Ground out 4-3 (Groundball, 13, EV 84.4 MPH)
Batting: LHB Roger Escareno 0-0: Swinging Strike
0-1: Foul Ball, location: 2F
0-2: Strikes out swinging
Batting: RHB Tokuji Kawabata 0-0: Ball
1-0: SINGLE (Groundball, 25, EV 72.5 MPH) (infield hit)
Batting: RHB Dylan Phillips 0-0: Ball
1-0: Ball
2-0: Ball
3-0: Called Strike
3-1: Base on Balls
Tokuji Kawabata to second
Batting: RHB Raul de la Cruz 0-0: Called Strike
0-1: Called Strike
0-2: Strikes out swinging
Bottom of the 7th over - 0 runs, 1 hit, 0 errors, 2 left on base; Burlington 2 - Lansing 2
TOP OF THE 8TH
Burlington Bees batting - Pitching for Lansing Lugnuts : RHP Matt Still
Pinch Hitting: LHB Brett Bugge 0-0: Ball
1-0: Ball
2-0: Called Strike
2-1: Fly out, F3 (Line Drive, 3L, EV 64.4 MPH)
Batting: RHB Khalil Thurston 0-0: Foul Ball, location: 2F
0-1: Called Strike
0-2: Foul Ball, location: 2F
0-2: Strikes out swinging
Batting: RHB Danny Bjarnson 0-0: Called Strike
0-1: SINGLE (Groundball, 5S, EV 68.8 MPH) (infield hit)
Batting: LHB Mark Reeg 0-0: Foul Ball, location: 2F
0-1: Swinging Strike
0-2: Ball
Danny Bjarnson is caught stealing 2nd base 2-6
Top of the 8th over - 0 runs, 1 hit, 0 errors, 0 left on base; Burlington 2 - Lansing 2
BOTTOM OF THE 8TH
Lansing Lugnuts batting - Pitching for Burlington Bees : RHP Humberto Paniagua
Pitching: RHP Nick Madrid
Now at 2B: Ryan Pelletier
Batting: RHB John Michener 0-0: Ball
1-0: Called Strike
1-1: Called Strike
1-2: Strikes out swinging
Batting: RHB Carlos Renteria 0-0: Foul Ball, location: 2F
0-1: Foul Ball, location: 2F
0-2: Foul Ball, location: 2F
0-2: Ball
1-2: Ball
2-2: DOUBLE (Groundball, 5L, EV 96.2 MPH)
Batting: LHB Pauli Gassinger 0-0: Ball
1-0: Ground out 6-3 (Groundball, 6M, EV 88.1 MPH)
Carlos Renteria to third
Batting: LHB Timo Gomez 0-0: Intentional Walk
Batting: RHB Bobby Lasaguna 0-0: Called Strike
Timo Gomez steals 2nd, throwing error, E2
Carlos Renteria scores
Timo Gomez to third
0-1: SINGLE (Line Drive, 89S, EV 88.8 MPH)
Timo Gomez scores
Batting: LHB Roger Escareno 0-0: Called Strike
Bobby Lasaguna steals 2nd base
0-1: Foul Ball, location: 2F
0-2: Ball
1-2: Ground out U3 (Groundball, 3, EV 95.6 MPH)
Bottom of the 8th over - 2 runs, 2 hits, 1 error, 1 left on base; Burlington 2 - Lansing 4
TOP OF THE 9TH
Burlington Bees batting - Pitching for Lansing Lugnuts : RHP Matt Still
Pitching: RHP Chris Kroesen
Now at 1B: Roger Escareno
Now at 2B: Dylan Phillips
Now at 3B: Kyle Scruggs
Now in CF: Kurt Estep
Now in RF: Timo Gomez
Batting: LHB Mark Reeg 0-0: Ball
1-0: Foul Ball, location: 2F
1-1: Swinging Strike
1-2: Ball
2-2: Foul Ball, location: 2F
2-2: Fly out, F9 (Flyball, 89S, EV 83.1 MPH)
Batting: RHB Tomas Raya 0-0: Foul Ball, location: 2F
0-1: Ball
1-1: Foul Ball, location: 2F
1-2: Strikes out swinging
Batting: RHB Kinya Nishimura 0-0: Ball
1-0: Foul Ball, location: 2F
1-1: Ball
2-1: Ground out 6-3 (Groundball, 56, EV 105.6 MPH)
Top of the 9th over - 0 runs, 0 hits, 0 errors, 0 left on base; Burlington 2 - Lansing 4
Thursday, December 15th , 2022 - OOTP Baseball 23.9 Build 102